 Dungeon Crawl Stone Soup version 0.29-a0-998-g1987434951 (webtiles) character file.

Game seed: 6244947272391760615

67 BritishOli the Ducker (level 3, 0/28 HPs)
             Began as a Demonspawn Gladiator on Aug 5, 2022.
             Slain by an orc
             ... wielding a +0 hand axe
              (1 damage)
             ... on level 3 of the Dungeon.
             The game lasted 00:02:06 (1786 turns).

BritishOli the Ducker (Demonspawn Gladiator)        Turns: 1786, Time: 00:02:06

Health: 0/28       AC:  9    Str: 16    XL:     3   Next: 98%
Magic:  3/3        EV: 10    Int:  9    God:
Gold:   84         SH:  0    Dex: 14    Spells: 2/2 levels left

rFire   . . .      SeeInvis .   a - +0 long sword
rCold   . . .      Faith    .   (no shield)
rNeg    . . .      Spirit   .   k - +0 scale mail
rPois   .          Reflect  .   c - +0 helmet
rElec   .          Harm     .   (no cloak)
rCorr   .          Rampage  .   (no gloves)
Will    .....                   (no boots)
Stlth   ..........              (no amulet)
HPRegen 0.09/turn               (no ring)
MPRegen 0.08/turn               (no ring)

@: no status effects
A: yellow scales 1, condensation shield
a: no special abilities


You were on level 3 of the Dungeon.
You visited 1 branch of the dungeon, and saw 3 of its levels.

You collected 84 gold pieces.

Inventory:

Hand Weapons
 a - a +0 long sword (weapon)
Missiles
 d - 3 throwing nets (quivered)
 e - 6 javelins
Armour
 b - a +0 leather armour
 c - a +0 helmet (worn)
 k - a +0 scale mail (worn)
Jewellery
 g - a ring of ice
Wands
 j - a wand of flame (26)
Scrolls
 f - a scroll of amnesia {unknown}
 i - a scroll of enchant armour {unknown}
 l - a scroll of teleportation {unknown}
 m - a scroll of noise {unknown}
 n - a scroll of summoning {unknown}
Potions
 h - a potion of mutation {unknown}


   Skills:
 + Level 2.7 Fighting
 + Level 3.2 Long Blades
 + Level 2.4 Throwing
 + Level 3.2 Dodging


You had 2 spell levels left.
You didn't know any spells.
Your spell library contained the following spells:

 Spells                   Type           Power      Damage    Failure   Level
 Magic Dart               Conj           0%         1d3       83%         1
 Searing Ray              Conj           0%         2d4       93%         2
 Fulminant Prism          Conj/Hex       0%         3d6       100%        4


Dungeon Overview and Level Annotations

Branches:
Dungeon (3/15)

Altars:


Innate Abilities, Weirdness & Mutations

You are partially covered in yellow scales. (AC +2)
A meltable shield of frost defends you. (SH +0)


Message History

Unknown command.
You are too injured to fight recklessly!
Unknown command.
You are too injured to fight recklessly!
Unknown command.
Something hits you but does no damage.
There is a stone staircase leading up here.
You slash the jackal!
You kill the jackal!
You miss something. Something completely misses you.
You miss something. Something hits you but does no damage.
You miss something.
Something hits you but does no damage. x2
You closely miss something. Something hits you.
You closely miss something. You punch something.
Something hits you but does no damage.
You closely miss something. Something hits you but does no damage.
Something hits you.
You miss something. Something hits you but does no damage.
You closely miss something. Something hits you but does no damage.
You closely miss something. Something hits you but does no damage.
You slash something! Something hits you.
* * * LOW HITPOINT WARNING * * *
You closely miss something.
Something hits you but does no damage. x2
You hit something.
You hear some strange, mumbled words.
A magic dart appears from out of thin air!
The magic dart hits you.
* * * LOW HITPOINT WARNING * * *
You miss something. Something hits you.
* * * LOW HITPOINT WARNING * * *
You hit something.
Reactivating autopickup.
You feel a bit more experienced.
You closely miss the orc. The orc barely misses you.
The orc closely misses you.
You closely miss the orc. The orc hits you but does no damage.
You hit the orc.
The orc is heavily wounded.
The orc hits you with a +0 hand axe.
You die...

#... #....
#..$.. # ......
... ......
##...####...)..
#....h).h#
#.#..#)#o# #
#o#@# #.#.#
..#.# ###.# #.#
..# ###


You could see an orc and a jackal.

Vanquished Creatures
  An orc wizard (D:3)
  An adder (D:2)
  A worm (D:2)
  2 dart slugs (D:1)
  3 orcs (D:3)
  3 ball pythons (D:2)
  A bat (D:1)
  2 jackals (D:3)
  A quokka (D:2)
  A frilled lizard (D:2)
  3 goblins
  2 kobolds (D:1)
  2 rats (D:2)
  A spectral hobgoblin (D:1)
24 creatures vanquished.

Notes
Turn   | Place    | Note
-------+----------+-------------------------------------------
     0 | D:1      | BritishOli the Demonspawn Gladiator began the quest for the
                  | Orb.
     0 | D:1      | Reached XP level 1. HP: 16/16 MP: 1/1
   185 | D:1      | Found a faded altar of an unknown god.
   628 | D:1      | Gained mutation: You are partially covered in yellow
                  | scales. (AC +2) [demonic ancestry]
   628 | D:1      | Reached XP level 2. HP: 22/22 MP: 2/2
  1641 | D:2      | Gained mutation: A meltable shield of frost defends you.
                  | (SH +0) [demonic ancestry]
  1641 | D:2      | Reached XP level 3. HP: 28/28 MP: 3/3
  1782 | D:3      | HP: 1/28 [something (2)]
  1786 | D:3      | Slain by an orc

Illustrated notes

Levels and vault maps discovered:
D:1:      dpeg_arrival_lava_altar, layout_basic,
          dreamdust_ecumenical_altar_drowned_temple, minivault_25,
          hangedman_decor_clover_reticule, dreamdust_mushroom_princess
D:2:      layout_loops_ring
D:3:      layout_loops_corners, mainiacjoe_overflow_six_doors_small,
          portal_sewer_entry_b, grunt_decor_fettered

Skill      XL: |  1  2 |
---------------+-------+-----
Throwing       | 2 |  2.4
Dodging        | 3 |  3.2
Long Blades    | 3 |  3.2
Fighting       | |  2.7

Action                   || total
-------------------------++-------
Melee: Long sword        ||    75
       Punch             ||     2
Armor: Leather armour    ||    15
       Scale mail        ||    23
Dodge: Dodged            ||    37
Block: Other             ||     4

Table legend: (Time is in decaauts)
 A = Elapsed time spent in this place.
 B = Non-inter-level travel time spent in this place.
 C = Inter-level travel time spent in this place.
 D = Time resting spent in this place.
 E = Time spent auto-exploring this place.
 F = Levels seen in this place.
 G = Mean time per level.
                   A        B        C        D        E       F      G
               +--------+--------+--------+--------+--------+-----+--------+
         Total |   1813 |   1728 |     85 |    266 |   1269 |   3 |  604.3 |
       Dungeon |   1813 |   1728 |     85 |    266 |   1269 |   3 |  604.3 |
               +--------+--------+--------+--------+--------+-----+--------+

Top non-repeatable levels by time:
     D:2: 971 daAuts
     D:1: 806 daAuts
     D:3: 36 daAuts
